 Dungeon Crawl Stone Soup version 0.26-a0-259-g1effd001a9 (webtiles) character file.

Game seed: 9596246481294033299

107 Apogee the Conjurer (level 4, -1/33 HPs)
             Began as a Draconian Conjurer on July 17, 2020.
             Was an Initiate of Vehumet.
             Slain by a gnoll
             ... wielding a +0 spear
              (4 damage)
             ... on level 3 of the Dungeon.
             The game lasted 00:04:16 (2918 turns).

Apogee the Conjurer (Draconian Conjurer)            Turns: 2918, Time: 00:04:17

Health: -1/33      AC:  5    Str: 15    XL:     4   Next: 56%
Magic:  0/8        EV: 12    Int: 20    God:    Vehumet [......]
Gold:   48         SH:  0    Dex:  9    Spells: 5/9 levels left

rFire    . . .     SeeInvis .   c - +0 club
rCold    . . .     Faith    .   (no shield)
rNeg     . . .     Spirit   .   (armour unavailable)
rPois    .         Reflect  .   (helmet restricted)
rElec    .         Harm     .   (no cloak)
rCorr    .                      (no gloves)
MR       .....                  (no boots)
Stlth    +.........             (no amulet)
HPRegen  0.11/turn              g - +6 ring of strength
MPRegen  0.11/turn              h - ring of attention (curse)

@: no status effects
A: unfitting armour, cold-blooded, AC +5
a: Renounce Religion


You were on level 3 of the Dungeon.
You worshipped Vehumet.
Vehumet was noncommittal.
You were not hungry.

You visited 1 branch of the dungeon, and saw 3 of its levels.

You collected 48 gold pieces.

Inventory:

Hand Weapons
 c - a +0 club (weapon)
Jewellery
 g - a +6 ring of strength (left hand)
 h - a cursed ring of attention (right hand)
Wands
 k - a wand of clouds (4)
Scrolls
 a - 5 scrolls of identify {unknown}
 d - 2 scrolls of teleportation {unknown}
 i - 4 scrolls of fear {unknown}
 j - a scroll of fog {unknown}
 l - 3 scrolls of remove curse {unknown}
 m - a scroll of magic mapping {unknown}
Potions
 e - 2 potions of berserk rage {unknown}
 f - 2 potions of lignification {unknown}
 n - a potion of might {unknown}
Comestibles
 b - 4 rations


   Skills:
 - Level 1.7 Dodging
 - Level 1.8 Stealth
 + Level 3.2 Spellcasting
 + Level 4.9 Conjurations
 + Level 1.3 Hexes


You had 5 spell levels left.
You knew the following spells:

 Your Spells              Type           Power        Failure   Level
a - Magic Dart            Conj           ###.         1%          1
b - Dazzling Flash        Conj/Hex       ###...       12%         3

Your spell library contained the following spells:

 Spells                   Type           Power        Failure   Level
 Searing Ray              Conj           ###...       2%          2
 Fulminant Prism          Conj/Hex       ###.......   36%         4
 Iskenderun's Mystic Bla  Conj/Tloc      ##......     45%         4


Dungeon Overview and Level Annotations

Branches:
Dungeon (3/15)

Altars:
Gozag
Sif Muna
Trog
Uskayaw
Vehumet


Innate Abilities, Weirdness & Mutations

Your plain brown scales are hard. (AC +5)
You cannot fit into any form of body armour.
You are cold-blooded and may be slowed by cold attacks.


Message History

You barely miss the hound.
The hound is almost dead.
The hound closely misses you. The gnoll misses you. The hound bites you.
You closely miss the hound.
The hound is almost dead.
The hound barely misses you.
The gnoll hits you from afar with a +0 spear!
The hound bites you.
* * * LOW HITPOINT WARNING * * *
Casting: Magic Dart (safe; 1% risk of failure)
Confirm with . or Enter, or press ? or * to list all spells.
You don't have enough magic to cast that spell.
The hound completely misses you.
You closely miss the hound.
The hound is almost dead.
The hound bites you.
* * * LOW HITPOINT WARNING * * *
The hound closely misses you.
The gnoll hits you from afar with a +0 spear.
You die...

#.........###
######............
#...........[.....
#..###............
####..# #............
#..)..###.........###
#.#.............### #
#.....######.#### #
##.h@.# #.########
#g##.# #.........
#.##.# ###..#####.#
#g##.####.........##
#.##.........####.#
#.#######.#..# #.##
#.# #.#..# #..# #.#
#.#..# #.#. #.#
#.#..####.#.


You could see a hound and a gnoll.

Vanquished Creatures
  A hound (D:3)
  An ufetubus (D:3)
  An adder skeleton (D:3)
  2 worms
  7 dart slugs
  A leopard gecko (D:2)
  3 giant cockroaches (D:1)
  2 goblins
  6 hobgoblins
  7 jackals
  5 bats
  3 frilled lizards
  4 kobolds
  6 rats
49 creatures vanquished.

Notes
Turn   | Place    | Note
-------+----------+-------------------------------------------
     0 | D:1      | Apogee the Draconian Conjurer began the quest for the Orb.
     0 | D:1      | Reached XP level 1. HP: 14/14 MP: 3/3
   511 | D:1      | Reached XP level 2. HP: 17/20 MP: 0/5
  1051 | D:1      | Reached XP level 3. HP: 26/26 MP: 5/7
  1415 | D:1      | Learned a level 3 spell: Dazzling Flash
  2039 | D:2      | Found a bloodstained altar of Trog.
  2390 | D:2      | Found an opulent altar of Gozag.
  2416 | D:2      | Found a radiant altar of Vehumet.
  2430 | D:2      | Found a hide-covered altar of Uskayaw.
  2465 | D:2      | Found a shimmering blue altar of Sif Muna.
  2580 | D:2      | Became a worshipper of Vehumet
  2713 | D:3      | Reached XP level 4. HP: 33/33 MP: 3/8
  2767 | D:3      | Reached skill level 1 in Hexes
  2918 | D:3      | Slain by a gnoll

Illustrated notes

Levels and vault maps discovered:
D:1:      roderic_octagonal_star, layout_basic
D:2:      layout_rooms, grunt_gozag_statues, nicolae_overflow_quartered_altars,
          chequers_mini_garden
D:3:      layout_loops_ring, first_ration, chequers_ecumenical_altar_grove,
          st_stairs_4, cheibrodos_gnoll_hut

Skill      XL: |  1  2  3  4 |
---------------+-------------+-----
Spellcasting   | 3 |  3.2
Hexes          | 1 |  1.3
Dodging        | |  1.7
Stealth        | |  1.8
Conjurations   | |  4.9

Action                   |  1- 3 |  4- 6 || total
-------------------------+-------+-------++-------
Melee: Unarmed           |    15 |       ||    15
       Club              |    58 |     4 ||    62
       Tailslap          |     2 |       ||     2
 Cast: Magic Dart        |    87 |    19 ||   106
 Stab: Sleeping          |     2 |       ||     2
  Eat: Ration            |     2 |       ||     2
Armor: Skin              |    34 |     5 ||    39
Dodge: Dodged            |    76 |    23 ||    99

Table legend:
 A = Non-vault XP
 B = Vault XP
 C = Vault XP percentage of total XP
 D = Non-vault monster count
 E = Vault monster count
 F = Vault count percentage of total count
                 A         B        C        D         E       F
            +---------+---------+-------+---------+---------+-------
      Total |     110 |      43 |  28.1 |      48 |       1 |   2.0
            +---------+---------+-------+---------+---------+-------
        D:1 |      46 |       0 |   0.0 |      24 |       0 |   0.0
        D:2 |      43 |       0 |   0.0 |      19 |       0 |   0.0
        D:3 |      21 |      43 |  67.2 |       5 |       1 |  16.7
            +---------+---------+-------+---------+---------+-------
